 Dungeon Crawl Stone Soup version 0.20-a0-710-g71b569a (webtiles) character file.

242 FencedIn the Insei (level 5, -2/38 HPs)
             Began as a Demonspawn Transmuter on Feb 22, 2017.
             Slain by Blork the orc
             ... wielding a +0 scimitar
              (6 damage)
             ... on level 4 of the Dungeon.
             The game lasted 00:08:34 (2235 turns).

FencedIn the Insei (Demonspawn Transmuter)          Turns: 2235, Time: 00:08:35

Health: -2/38      AC:  7    Str: 11    XL:     5   Next: 81%
Magic:  6/8        EV: 10    Int: 15    God:
Gold:   82         SH:  0    Dex: 13    Spells: 5/8 levels left

rFire    + + .     SeeInvis .     - Unarmed
rCold    . . .     Gourm    .   k - +0 ring mail (curse)
rNeg     . . .     Faith    .   (no shield)
rPois    .         Spirit   .   (no helmet)
rElec    .         Reflect  .   (no cloak)
rCorr    .         Harm     .   (no gloves)
MR       .....                  (no boots)
Stlth    +.........             (no amulet)
Regen    0.2/turn               b - ring of protection from fire
MPRegen  0.2/turn               j - ring of protection from fire

@: no status effects
A: claws 1, yellow scales 1, spiny 1
a: no special abilities


You were on level 4 of the Dungeon.
You were not hungry.

You visited 1 branch of the dungeon, and saw 4 of its levels.

You collected 82 gold pieces.

Inventory:

Missiles
 a - 10 arrows
Armour
 k - a cursed +0 ring mail (worn)
Jewellery
 b - a ring of protection from fire (right claw)
 j - a ring of protection from fire (left claw)
Scrolls
 g - a scroll of identify {unknown}
 h - a scroll of magic mapping {unknown}
Books
 c - a book of Changes

   Spells                             Type                      Level
   a - Beastly Appendage              Transmutation                1
   b - Sticks to Snakes               Transmutation                2
   c - Spider Form                    Transmutation/Poison         3
   d - Ice Form                       Ice/Transmutation            4
   e - Blade Hands                    Transmutation                5
Comestibles
 d - a bread ration
 f - a chunk of flesh
 i - 2 royal jellies


   Skills:
 - Level 2.0 Fighting
 - Level 1.7 Dodging
 + Level 5.7 Unarmed Combat
 - Level 2.0 Spellcasting
 - Level 2.0 Transmutations


You had 5 spell levels left.
You knew the following spells:

 Your Spells              Type           Power        Failure   Level  Hunger
a - Beastly Appendage     Tmut           #.....       24%         1    #......
b - Sticks to Snakes      Tmut           #.......     34%         2    ###....


Dungeon Overview and Level Annotations

Branches:
Dungeon (4/15)
 Temple: D:4-7

Altars:
Dithmenos
Fedhas
Nemelex Xobeh
Trog

Annotations:
D:3 tbh1313's ghost, amateur CeFi
D:4 Blork the orc


Innate Abilities, Weirdness & Mutations

You have sharp fingernails.
You are partially covered in yellow scales. (AC +2)
You are partially covered in sharp spines.


Message History

You miss something. You claw something. You barely miss something.
You hear some strange, mumbled words.
A puff of frost appears from out of thin air!
The puff of frost misses you.
You scratch something. Something hits you!
* * * LOW HITPOINT WARNING * * *
You barely miss something. Something hits you.
* * * LOW HITPOINT WARNING * * *
You aren't carrying any potions.
You barely miss something. You claw something.
Something hits you but does no damage.
You claw something! You claw something.
Press: ? - help, v - describe, . - travel
Here: an adder (friendly)
The floor.
You swap places.
Your talons disappear.
Something hits you.
You die...

..##.########
#.......a{S#
......#####@## .....
####...### ....
..........# ##########
...
.####...#.###........#
.. #...........####.##
. #..................
#....................
.....(....#.#..#...#.
#...........#...#...#


You could see a worker ant and a friendly adder.

Vanquished Creatures
  2 orc priests (D:3)
  2 orc wizards (D:3)
  5 adders
  An ooze (D:3)
  2 worms (D:3)
  3 dart slugs
  6 leopard geckos
  6 orcs
  5 bats
  4 giant cockroaches (D:2)
  5 hobgoblins
  4 kobolds
  4 frilled lizards
  7 goblins
  10 rats
66 creatures vanquished.

Notes
Turn   | Place    | Note
-------+----------+-------------------------------------------
     0 | D:1      | FencedIn the Demonspawn Transmuter began the quest for the Orb.
     0 | D:1      | Reached XP level 1. HP: 15/15 MP: 3/3
   523 | D:1      | Gained mutation: You are partially covered in yellow scales. (AC +2) [demonic ancestry]
   523 | D:1      | Reached XP level 2. HP: 21/21 MP: 3/5
   599 | D:1      | Reached skill level 3 in Unarmed Combat
   889 | D:1      | Gained mutation: You are partially covered in sharp spines. [demonic ancestry]
   889 | D:1      | Reached XP level 3. HP: 25/27 MP: 6/6
  1041 | D:2      | Found a bloodstained altar of Trog.
  1225 | D:2      | Found a sparkling altar of Nemelex Xobeh.
  1326 | D:2      | Reached skill level 4 in Unarmed Combat
  1389 | D:2      | Gained mutation: You have sharp fingernails. [demonic ancestry]
  1389 | D:2      | Reached XP level 4. HP: 32/33 MP: 5/7
  1446 | D:3      | Found a blossoming altar of Fedhas.
  1633 | D:3      | Reached XP level 5. HP: 19/38 MP: 6/8
  1633 | D:3      | Reached skill level 5 in Unarmed Combat
  1890 | D:3      | Found a shadowy altar of Dithmenos.
  2137 | D:3      | Learned a level 2 spell: Sticks to Snakes
  2155 | D:3      | Noticed tbh1313's ghost (amateur CeFi)
  2214 | D:4      | Noticed Blork the orc
  2235 | D:4      | Slain by Blork the orc

Vault maps used:
D:1:      nagdon_arrival_zigzag_paths
D:2:      nemelex_xobeh_ov_fountains_minmay, trog_butcher_becter
D:3:      fedhas_altar_2, nicolae_dithmenos_shadow_blocks
D:4:      nicolae_qazlal_style_of_elements, elyvilon_altar_5, temple_hall,
          first_bread, serial_shops, shop, uniq_sigmund, uniq_blork_the_orc

Skill      XL: |  1  2  3  4  5 |
---------------+----------------+-----
Transmutations | 2 |  2.0
Unarmed Combat | 3 4 5 |  5.7
Fighting       | 2 |  2.0
Dodging        | |  1.7
Spellcasting   | |  2.0

Action                   |  1- 3 |  4- 6 || total
-------------------------+-------+-------++-------
Melee: Unarmed           |   132 |    72 ||   204
       Kick              |    17 |     5 ||    22
       Headbutt          |     3 |     6 ||     9
       Punch             |     1 |     2 ||     3
 Cast: Beastly Appendage |    28 |    16 ||    44
       Sticks to Snakes  |       |     2 ||     2
  Eat: Chunk             |     2 |     4 ||     6
Armor: Robe              |     4 |       ||     4
       Ring mail         |    32 |    24 ||    56
Dodge: Dodged            |    50 |    18 ||    68
